 Dungeon Crawl Stone Soup version 0.31-a0-365-gcf821cafb2 (webtiles) character file.

Game seed: 964068173859445786

607 drugrobin the Chopper (level 6, -8/50 HPs)
             Began as a Demigod Delver on July 28, 2023.
             Mangled by an ogre
             ... wielding a +0 giant spiked club
              (16 damage)
             ... on level 4 of the Dungeon.
             The game lasted 00:09:54 (3316 turns).

drugrobin the Chopper (Demigod Delver)              Turns: 3316, Time: 00:09:55

Health: -8/50      AC:  8    Str: 21    XL:     6   Next: 99%
Magic:  8/8        EV: 12    Int: 12    God:
Gold:   477        SH:  0    Dex: 15    Spells: 5/5 levels left

rFire   . . .        b - +2 short sword (speed)
rCold   . . .        (no shield)
rNeg    . . .        h - +0 leather armour
rPois   .            v - +0 helmet
rElec   .            x - scarf {repulsion}
rCorr   .            (no gloves)
SInv    .            (no boots)
Will    .....        (no amulet)
Stlth   +++          p - +4 ring of protection
HPRegen 0.28/turn    (no ring)
MPRegen 0.11/turn

%: repel missiles
@: no status effects
A: high MP 1, forlorn, divine attributes
a: no special abilities


You were on level 4 of the Dungeon.
You visited 1 branch of the dungeon, and saw 5 of its levels.
You also visited: Ossuary.

You collected 477 gold pieces.

Inventory:

Hand Weapons
 a - a +0 hand axe
 b - a +2 short sword of speed (weapon)
 c - a +0 sling
 s - a +2 mace of draining
Missiles
 i - a javelin
 o - 5 poisoned darts
Armour
 h - a +0 leather armour (worn)
 v - a +0 helmet (worn)
 x - a scarf of repulsion (worn)
 y - a +0 chain mail
Jewellery
 p - a +4 ring of protection (left hand)
Wands
 g - a wand of digging (8)
 k - a wand of iceblast (2)
Scrolls
 d - 2 scrolls of identify {unknown}
 e - a scroll of amnesia {unknown}
 n - 3 scrolls of noise {unknown}
 r - a scroll of vulnerability {unknown}
 t - a scroll of fog
 w - a scroll of enchant weapon {unknown}
Potions
 f - a potion of haste
 j - a potion of cancellation {unknown}
 l - a potion of degeneration {unknown}
 m - a potion of mutation {unknown}
 q - a potion of brilliance {unknown}
 u - a potion of invisibility {unknown}


   Skills:
 - Level 2.6 Fighting
 + Level 7.3 Axes
 - Level 1.7 Dodging
 - Level 4.5 Stealth


You had 5 spell levels left.
You didn't know any spells.
Your spell library contained the following spells:

 Spells                   Type           Power      Damage    Failure   Level
 Apportation              Tloc           0%         N/A       36%         1
 Necrotise                Necr           0%         1d4       36%         1
 Summon Small Mammal      Summ           0%         N/A       36%         1
 Haunt                    Necr/Summ      0%         N/A       100%        7
 Borgnjor's Revivificati  Necr           0%         N/A       100%        8
 Death's Door             Necr           0%         N/A       100%        9


Dungeon Overview and Level Annotations

Branches:
Dungeon (5/15)             Temple (0/1) D:4         Ossuary (visited)

Shops:
D:2 [


Innate Abilities, Weirdness & Mutations

You have an increased reservoir of magic. (+10% MP)
You shall have no god before yourself.
Your divine heritage dramatically boosts your attributes as you level up.


Message History

Aiming: Iceblast
Press: ? - help, Shift-Dir - straight line The mass of ice explodes!
The iceblast engulfs Edmund!
You kill Edmund!
Your Axes skill increases to level 7!
Unknown command.
Unknown command.
Unknown command.
Unknown command.
Unknown command.
Items here: ) / [ †.
Unknown command.
Okay, then.
Unknown command.
Unknown command.
There is a stone staircase leading up here.
You climb upwards.
There is a stone staircase leading down here.
You start resting.
HP restored.
You climb downwards.
The ogre closely misses you.
There is a stone staircase leading up here.
You hit the ogre.
The ogre is lightly wounded.
The ogre hits you with a +0 giant spiked club!
You hit the ogre.
The ogre is moderately wounded.
You hit the ogre.
The ogre is heavily wounded.
The ogre hits you with a +0 giant spiked club!!
Ouch! That really hurt!
* * * LOW HITPOINT WARNING * * *
You hit the ogre.
The ogre is severely wounded.
Unknown command.
Unknown command.
You hit the ogre.
The ogre is severely wounded.
The ogre hits you with a +0 giant spiked club!
You die...

#.#
#.................,*
#.####
#)..............#***
.....#
#...............#
#.##.#
#..........[....#
#....#
#######......O..#
#....## #...).....#
......# #.........#
##.#..# #######.###
......###### #.@O...#
##.........####.######
#####.####......#
#####.# ########
......# #######


You could see an ogre.

Vanquished Creatures
  Edmund (D:4)
  A bullfrog (D:4)
  A scorpion (D:3)
  A centaur zombie (Ossuary)
  An orc priest (D:4)
  2 sleepcaps (D:4)
  An iguana (D:4)
  3 mummies
  Robin (D:2)
  6 adders
  A white imp (D:4)
  3 worms
  2 dart slugs (D:3)
  7 orcs
  9 endoplasms
  4 giant cockroaches
  4 gnoll zombies (Ossuary)
  16 goblins
  9 hobgoblins
  7 jackals
  4 ball pythons
  3 bats
  2 frilled lizards (D:1)
  4 goblin zombies (Ossuary)
  4 hobgoblin zombies (Ossuary)
  9 kobolds
  An orc zombie (Ossuary)
  6 rats
113 creatures vanquished.

Notes
Turn   | Place    | Note
-------+----------+-------------------------------------------
     0 | D:5      | drugrobin the Demigod Delver began the quest for the Orb.
     0 | D:5      | Reached XP level 1. HP: 18/18 MP: 3/3
    53 | D:4      | Noticed a bullfrog
    58 | D:4      | Killed a bullfrog
    59 | D:4      | Reached skill level 3 in Axes
    59 | D:4      | Reached XP level 2. HP: 6/25 MP: 4/4
    59 | D:4      | Reached XP level 3. HP: 8/30 MP: 5/5
    68 | D:4      | Noticed an ogre
   244 | D:4      | Noticed Edmund
   252 | D:4      | Found a sand-covered staircase.
   260 | Ossuary  | Entered an ossuary
   278 | Ossuary  | Reached skill level 4 in Axes
   340 | Ossuary  | Reached XP level 4. HP: 29/37 MP: 6/6
  1052 | D:1      | Reached skill level 5 in Axes
  1122 | D:1      | Reached XP level 5. HP: 42/42 MP: 7/7
  1500 | D:2      | Noticed Robin
  1658 | D:2      | Killed Robin
  2073 | D:2      | Found Vaufes's Armour Emporium.
  2485 | D:3      | Reached skill level 6 in Axes
  2485 | D:3      | Reached XP level 6. HP: 45/50 MP: 8/8
  3167 | D:4      | Found a staircase to the Ecumenical Temple.
  3179 | D:4      | Killed Edmund
  3180 | D:4      | Reached skill level 7 in Axes
  3316 | D:4      | Mangled by an ogre

Illustrated notes

Levels and vault maps discovered:
D:1:      nzn_arrival_water_spiral, layout_loops_ring, minmay_pentomino_s2
D:2:      layout_basic, serial_shops, nicolae_shop_real_fake_doors,
          st_stairs_10, uniq_robin
D:3:      layout_basic, slow_altar_1, basic_ecumenical_altar
D:4:      layout_loops_cross, minmay_temple_entry_stoned_glass,
          nicolae_ossuary_entry_plus, uniq_edmund
D:5:      layout_basic, pdpol_wu_jian_five_deadly_venoms,
          nicolae_elemental_shop, uniq_prince_ribbit1

Skill      XL: |  1  2  3  4  5  6 |
---------------+-------------------+-----
Axes           | 3 4 5 6 7 |  7.3
Fighting       | |  2.6
Dodging        | |  1.7
Stealth        | |  4.5

Action                     |  1- 3 |  4- 6 || total
---------------------------+-------+-------++-------
  Melee: Hand axe          |    18 |   126 ||   144
         Punch             |       |     2 ||     2
         Short sword       |       |   206 ||   206
   Fire: Sling             |    30 |    60 ||    90
  Throw: Javelin           |     2 |       ||     2
         Dart              |       |     1 ||     1
  Evoke: Wand              |     1 |     8 ||     9
    Use: Scroll            |     2 |       ||     2
   Stab: Sleeping          |       |    15 ||    15
         Distracted        |       |     3 ||     3
 Armour: Leather armour    |     1 |    91 ||    92
  Dodge: Dodged            |    19 |   164 ||   183
         Repelled          |       |     2 ||     2

Table legend: (Time is in decaauts)
 A = Elapsed time spent in this place.
 B = Non-inter-level travel time spent in this place.
 C = Inter-level travel time spent in this place.
 D = Time resting spent in this place.
 E = Time spent auto-exploring this place.
 F = Levels seen in this place.
 G = Mean time per level.
                   A        B        C        D        E       F      G
               +--------+--------+--------+--------+--------+-----+--------+
         Total |   3287 |   3198 |     89 |    283 |   1825 |   6 |  547.8 |
       Dungeon |   3013 |   2924 |     89 |    283 |   1715 |   5 |  602.6 |
       Ossuary |    273 |    273 |      0 |      0 |    110 |   1 |  273.0 |
               +--------+--------+--------+--------+--------+-----+--------+

Top non-repeatable levels by time:
     D:1: 941 daAuts
     D:2: 847 daAuts
     D:3: 778 daAuts
     D:4: 393 daAuts
 Ossuary: 273 daAuts
     D:5: 52 daAuts
